 Dungeon Crawl Stone Soup version 0.22-a0-412-g2b68d14 (webtiles) character file.

29 Borgoz the Skirmisher (level 3, -13/23 HPs)
             Began as a Gargoyle Abyssal Knight on May 12, 2018.
             Was a Follower of Lugonu.
             Killed from afar by a wretched star (27 damage)
             ... with an orb of energy
             ... on level 3 of the Abyss.
             The game lasted 00:00:40 (90 turns).

Borgoz the Skirmisher (Gargoyle Abyssal Knight)       Turns: 90, Time: 00:00:41

Health: -13/23     AC:  6    Str: 15      XL:     3   Next: 16%
Magic:  4/4        EV: 11    Int: 12      God:    Lugonu [*.....]
Gold:   19         SH:  0    Dex:  9 (10) Spells: 2/2 levels left

rFire    . . .     SeeInvis .   a - +1 hand axe
rCold    . . .     Gourm    .   (no shield)
rNeg     + . .     Faith    .   b - +0 leather armour
rPois    ∞         Spirit   .   (no helmet)
rElec    +         Reflect  .   (no cloak)
rCorr    .         Harm     .   (no gloves)
MR       .....                  (no boots)
Stlth    +.........             (no amulet)
HPRegen  0.07/turn              (no ring)
MPRegen  0.09/turn              (no ring)

@: no status effects
A: negative energy resistance 1, electricity resistance, unbreathing,
petrification resistance, rot immunity, AC +3
a: Depart the Abyss, Renounce Religion


You were on level 3 of the Abyss.
You worshipped Lugonu.
Lugonu was aware of your devotion.
You were not hungry.

You visited 0 branches of the dungeon, and saw 0 of its levels.
You visited the Abyss 1 time.

You collected 19 gold pieces.

Inventory:

Hand Weapons
 a - a +1 hand axe (weapon)
Armour
 b - a +0 leather armour (worn)
Jewellery
 e - an uncursed ring of see invisible {unknown}
Scrolls
 d - a scroll of fog {unknown}
 f - a scroll of fear {unknown}
Comestibles
 c - 2 rations


   Skills:
 + Level 3.6 Fighting
 + Level 2.1 Axes
 + Level 2.6 Armour
 + Level 1.2 Dodging
 + Level 2.4 Invocations


You had 2 spell levels left.
You didn't know any spells.
Your spell library was empty.

Dungeon Overview and Level Annotations

Branches:
Dungeon (0/15)

Altars:


Innate Abilities, Weirdness & Mutations

You are resistant to torment.
Your stone body is resilient. (AC +3)
You are immune to poison.
You resist negative energy. (rN+)
You are resistant to electric shocks. (rElec)
You can survive without breathing.
You are immune to petrification.
You are immune to rotting.


Message History

The quasit closely misses you. The quasit barely misses you. x2
The quasit claws you but does no damage.
You hit the quasit.
You kill the quasit!
You feel your dexterity returning.
Your Axes skill increases to level 2!
Your Dodging skill increases to level 1!
You have reached level 2!
You have reached level 3!
Your experience leads to an increase in your attributes!
Your base attributes are Str 15, Int 12, Dex 9.
Increase (S)trength, (I)ntelligence, or (D)exterity?
You feel agile.
The substance of the Abyss twists violently, and a gateway leading out appears!
You start resting.
A wretched star comes into view.
The wretched star glows turbulently.
The orb of energy hits you!
Ouch! That really hurt!
You die...

#. .. # ####.
##*##..
.##...###.#.*.
##..#....#..§.
#..#..#.....#
#..#..#.#..# #
#......∩..# #.#
.
##......#.#.#..
.. .
#...#@.#....#.#.
. ..
#...#.##..###. .
.# ..#..
....##.#...#. .
# .......#. .##
. . #
##..#.##....#. .
...
#........#...
#...
.......#..#....#
...# ###..
#....#.. ... ..
# ... .#.....
.....#


You could see 2 wretched stars.

Vanquished Creatures
  A quasit (Abyss:3)
1 creature vanquished.

Notes
Turn   | Place    | Note
-------+----------+-------------------------------------------
     0 | Abyss:1  | Borgoz the Gargoyle Abyssal Knight began the quest for the Orb.
     0 | Abyss:1  | Reached XP level 1. HP: 14/14 MP: 2/2
    13 | Abyss:2  | Found a corrupted altar of Lugonu.
    43 | Abyss:2  | Noticed a sun demon
    68 | Abyss:3  | Noticed a quasit
    82 | Abyss:3  | Killed a quasit
    82 | Abyss:3  | Reached skill level 1 in Dodging
    82 | Abyss:3  | Reached XP level 2. HP: 11/19 MP: 3/3
    82 | Abyss:3  | Reached XP level 3. HP: 13/23 MP: 4/4
    89 | Abyss:3  | Noticed a wretched star
    89 | Abyss:3  | Noticed a wretched star
    90 | Abyss:3  | Killed from afar by a wretched star

Vault maps used:

Skill      XL: |  1 |
---------------+----+-----
Axes           | 2 |  2.1
Dodging        | 1 |  1.2
Fighting       | |  3.6
Armour         | |  2.6
Invocations    | |  2.4

Action                   || total
-------------------------++-------
Melee: Hand axe          ||    11
Armor: Leather armour    ||    20
Dodge: Dodged            ||    26

Table legend:
 A = Spawn XP
 B = Non-spawn XP
 C = Spawn XP percentage of total XP
 D = Spawn monster count
 E = Non-spawn monster count
 F = Spawn count percentage of total count
 G = Total turns spent on level
                    A         B        C        D         E        F      G
               +---------+---------+-------+---------+---------+-------+---------
         Total |      42 |       0 | 100.0 |       1 |       0 | 100.0 |    90
               +---------+---------+-------+---------+---------+-------+---------
       Abyss:3 |      42 |       0 | 100.0 |       1 |       0 | 100.0 |    43
               +---------+---------+-------+---------+---------+-------+---------
